 Dungeon Crawl Stone Soup version 0.31-a0-569-g7ea453304b (webtiles) character file.

Game seed: 5268840567051078788

500 Ethylacetat the Insei (level 7, -4/48 HPs)
             Began as an Octopode Gladiator on Aug 18, 2023.
             Slain by Pikel
             ... wielding a +1 whip of flaming
              (5 damage)
             ... on level 4 of the Dungeon.
             The game lasted 00:04:08 (3511 turns).

Ethylacetat the Insei (Octopode Gladiator)          Turns: 3511, Time: 00:04:08

Health: -4/48      AC:  1    Str: 12 (13) XL:     7   Next: 16%
Magic:  7/7        EV: 14    Int:  8 (9)  God:
Gold:   232        SH:  4    Dex: 12 (15) Spells: 6/6 levels left

rFire   + .          .
                       - Unarmed
rCold   . . .        (no shield)
rNeg    . . .        a - melded +0 hat
rPois   .            (no amulet)
rElec   .            u - ring of protection from fire
rCorr   .            (no ring)
SInv    +            (no ring)
Will    +....        (no ring)
Stlth   ++           (no ring)
HPRegen 0.28/turn    (no ring)
MPRegen 0.10/turn    (no ring)
                     (no ring)

%: no passive effects
@: beast-form, enlightened, flying, hasted, very quick
A: beast (slay +1), almost no armour, amphibious, 8 rings, camouflage 1,
gelatinous body 1, (nimble swimmer 1), tentacles, large bone plates 1, see
invisible, dopey 1
a: Begin Untransformation


You were on level 4 of the Dungeon.
You were a hulking beast.
You visited 1 branch of the dungeon, and saw 4 of its levels.
You also visited: Sewer.

You collected 232 gold pieces.

Inventory:

Missiles
 b - 3 throwing nets (quivered)
 c - a javelin
Armour
 a - a +0 hat (melded)
Jewellery
 u - a ring of protection from fire (left tentacle)
Talismans
 s - a beast talisman (active)
Wands
 i - a wand of iceblast (5)
 v - a wand of flame (22)
Scrolls
 d - 3 scrolls of identify {unknown}
 e - 5 scrolls of enchant armour {unknown}
 f - a scroll of amnesia {unknown}
 g - a scroll of summoning {unknown}
 k - 2 scrolls of revelation {unknown}
 l - 2 scrolls of vulnerability {unknown}
 n - a scroll of torment {unknown}
 p - a scroll of silence {unknown}
 q - a scroll of fear {unknown}
 t - a scroll of teleportation {unknown}
Potions
 w - a potion of ambrosia {unknown}


   Skills:
 + Level 4.1 Fighting
 - Level 2.0 Throwing
 + Level 4.7 Dodging
 + Level 4.8 Unarmed Combat
 * Level 2.4 Shapeshifting


You had 6 spell levels left.
You didn't know any spells.
Your spell library contained the following spells:

 Spells                   Type           Power      Damage    Failure   Level
 Ensorcelled Hibernation  Hex/Ice        0%         N/A       54%         2
 Passwall                 Tmut/Erth      0%         N/A       54%         2
 Portal Projectile        Hex/Tloc       0%         N/A       78%         3
 Stone Arrow              Conj/Erth      0%         3d7       78%         3
 Swiftness                Air            0%         N/A       78%         3
 Tukima's Dance           Hex            0%         N/A       78%         3
 Vhi's Electric Charge    Tloc/Air       0%         N/A       78%         3
 Iskenderun's Mystic Bla  Conj/Tloc      0%         2d3       99%         4
 Arcjolt                  Conj/Air       0%         1d10      100%        5
 Plasma Beam              Fire/Air       0%         2x1d10    100%        6
 Lehudib's Crystal Spear  Conj/Erth      0%         10d2      100%        8
 Animate Armour           Summ/Erth      Unusable   N/A       N/A         4

Dungeon Overview and Level Annotations

Branches:
Dungeon (4/15)              Sewer (visited)
 Temple: D:4-7

Altars:

Annotations:
D:4 Pikel


Innate Abilities, Weirdness & Mutations

You are a hulking beast.
Your limbs bulge with bestial killing power. (Slay +1)
You cannot wear most types of armour.
You are amphibious.
You can wear up to eight rings at the same time.
Your skin changes colour to match your surroundings (Stealth+).
Your rubbery body absorbs attacks. (AC +1, EV +1)
((You are camouflaged when in or above water. (Stealth+)))
You have tentacles for arms and can constrict up to eight enemies at once.
You are partially covered in large bone plates. (SH +4)
You have supernaturally acute eyesight. (SInv)
You are dopey. (Int -2)


Message History

Pikel hits you with a +1 whip of flaming!
Pikel burns you.
You barely miss Pikel. Your grab misses Pikel. You barely miss Pikel.
You grab Pikel. You squeeze Pikel.
Pikel is lightly wounded.
You constrict Pikel.
Pikel hits you with a +1 whip of flaming!
Pikel burns you.
You tentacle-slap Pikel.
Pikel is lightly wounded.
You constrict Pikel, but do no damage. Pikel misses you.
You barely miss Pikel.
Pikel is lightly wounded.
You constrict Pikel. You tentacle-slap Pikel. x2
Pikel is lightly wounded.
You constrict Pikel.
Pikel hits you with a +1 whip of flaming!
* * * LOW HITPOINT WARNING * * *
Pikel burns you.
* * * LOW HITPOINT WARNING * * *
It was a potion of mutation.
You feel extremely strange.
Your vision sharpens.
You feel stupid.
Large bone plates grow over parts of your tentacles.
You constrict Pikel.
It was a potion of magic.
Magic courses through your body.
You constrict Pikel. Pikel closely misses you.
It was a potion of enlightenment.
You feel very buoyant.
You fly up into the air.
You constrict Pikel.
Pikel hits you with a +1 whip of flaming.
* * * LOW HITPOINT WARNING * * *
Pikel burns you.
* * * LOW HITPOINT WARNING * * *
It was a potion of degeneration.
There was something very wrong with that liquid.
You feel weakened.
You feel dopey.
You feel clumsy.
You constrict Pikel.
Pikel hits you with a +1 whip of flaming.
You die...

....#........##
..)..........#
.#.#.#.......##
............#
...........##
#.......##
##.....##
##...## ##h##
#K# #5# #5# #g#
.5# ..# ...


You could see Pikel, 3 lemures and a hobgoblin.

Vanquished Creatures
  Eustachio (D:4)
  Pargi (Sewer)
  A lemure (D:4)
  A scorpion (D:4)
  Terence (D:3)
  7 adders
  An ufetubus (D:4)
  A dart slug (D:2)
  13 orcs
  7 ball pythons
  6 bats
  3 endoplasms
  6 giant cockroaches
  10 goblins
  12 hobgoblins
  5 jackals
  7 quokkas
  5 frilled lizards
  7 kobolds
  4 rats
99 creatures vanquished.

Notes
Turn   | Place    | Note
-------+----------+-------------------------------------------
     0 | D:1      | Ethylacetat the Octopode Gladiator began the quest for the
                  | Orb.
     0 | D:1      | Reached XP level 1. HP: 14/14 MP: 1/1
   185 | D:1      | Reached XP level 2. HP: 14/19 MP: 2/2
   497 | D:1      | Reached XP level 3. HP: 19/25 MP: 3/3
  1108 | D:2      | Reached XP level 4. HP: 30/30 MP: 4/4
  2123 | D:3      | Noticed Terence
  2138 | D:3      | Killed Terence
  2139 | D:3      | Reached XP level 5. HP: 28/36 MP: 5/5
  2247 | D:3      | Found a faded altar of an unknown god.
  2771 | D:4      | Noticed Eustachio
  2780 | D:4      | Killed Eustachio
  2781 | D:4      | Reached skill level 1 in Shapeshifting
  2781 | D:4      | Reached XP level 6. HP: 19/43 MP: 6/6
  2787 | D:4      | Found a glowing drain.
  2806 | Sewer    | Entered a sewer
  2875 | Sewer    | Noticed Pargi
  2892 | Sewer    | Killed Pargi
  3176 | D:4      | Reached XP level 7. HP: 41/48 MP: 7/7
  3490 | D:4      | Noticed Pikel
  3508 | D:4      | Gained mutation: You have supernaturally acute eyesight.
                  | (SInv) [potion of mutation]
  3508 | D:4      | Gained mutation: You are dopey. (Int -2) [potion of
                  | mutation]
  3508 | D:4      | Gained mutation: You are partially covered in large bone
                  | plates. (SH +4) [potion of mutation]
  3510 | D:4      | HP: 2/48 [Pikel/+1 whip of flaming (4)]
  3511 | D:4      | Slain by Pikel

Illustrated notes

Levels and vault maps discovered:
D:1:      amcnicky_arrival_choice, layout_basic
D:2:      layout_basic, minmay_splitting_lines
D:3:      layout_loops_ring, hellmonk_ecumenical_altar_pennies_from_heaven,
          kennysheep_generic_room_10, uniq_terence
D:4:      layout_cave_pods, minmay_temple_entry_glass, portal_sewer_entry_f,
          uniq_eustachio, uniq_menkaure, uniq_natasha, uniq_pikel

Skill      XL: |  1  2  3  4  5  6 |
---------------+-------------------+-----
Fighting       | 3 4 |  4.1
Dodging        | 4 |  4.7
Unarmed Combat | 4 |  4.8
Shapeshifting  | 1 2 |  2.4
Throwing       | |  2.0

Action                     |  1- 3 |  4- 6 |  7- 9 || total
---------------------------+-------+-------+-------++-------
  Melee: Unarmed           |    79 |   100 |    34 ||   213
         Constrict         |    24 |    26 |     7 ||    57
         Tentacles         |    21 |    23 |     5 ||    49
         Punch             |     1 |     1 |     4 ||     6
    Use: Potion            |       |     3 |     5 ||     8
   Stab: Sleeping          |     7 |     8 |       ||    15
 Armour: Skin              |     5 |     7 |     1 ||    13
  Dodge: Dodged            |    52 |    68 |    27 ||   147
   Form: Beast             |       |     1 |       ||     1

Table legend: (Time is in decaauts)
 A = Elapsed time spent in this place.
 B = Non-inter-level travel time spent in this place.
 C = Inter-level travel time spent in this place.
 D = Time resting spent in this place.
 E = Time spent auto-exploring this place.
 F = Levels seen in this place.
 G = Mean time per level.
                   A        B        C        D        E       F      G
               +--------+--------+--------+--------+--------+-----+--------+
         Total |   3495 |   3320 |    175 |      0 |   2772 |   5 |  699.0 |
       Dungeon |   3265 |   3090 |    175 |      0 |   2587 |   4 |  816.2 |
         Sewer |    230 |    230 |      0 |      0 |    185 |   1 |  230.0 |
               +--------+--------+--------+--------+--------+-----+--------+

Top non-repeatable levels by time:
     D:2: 1126 daAuts
     D:3: 887 daAuts
     D:1: 747 daAuts
     D:4: 504 daAuts
   Sewer: 230 daAuts
